 Dungeon Crawl Stone Soup version 0.21-a0-140-g479285b (webtiles) character file.

246024 MirrMurr the Imperceptible (level 18, -9/95 HPs)
             Began as a Spriggan Enchanter on July 16, 2017.
             Was the Champion of Okawaru.
             Killed from afar by a fire dragon (49 damage)
             ... with a blast of flame
             ... on level 1 of the Vaults on July 19, 2017.
             The game lasted 03:44:54 (54214 turns).

MirrMurr the Imperceptible (Spriggan Enchanter)    Turns: 54214, Time: 03:44:55

Health: -9/95      AC: 18    Str: 13    XL:     18   Next: 78%
Magic:  8/33       EV: 35    Int: 18    God:    Okawaru [******]
Gold:   2627       SH: 12    Dex: 26    Spells: 17/38 levels left

rFire    . . .     SeeInvis +   b - +10 long sword "Cestriosch" {flame, Str+3}
rCold    . . .     Gourm    .   K - +1 buckler {AC+3}
rNeg     . . .     Faith    .   u - +3 steam dragon scales of Baldness {rCorr Dex+5 Stlth-}
rPois    .         Spirit   .   W - +2 hat
rElec    .         Reflect  .   j - +2 cloak {+Inv}
rCorr    +         Harm     .   (gloves unavailable)
MR       +++..                  (boots unavailable)
Stlth    +++++++++.             (no amulet)
HPRegen  0.25/turn              O - ring of flight
MPRegen  0.23/turn              L - ring of Okhejaf {Dex+4 Slay+2}

@: heroism, very quick
A: unfitting armour, see invisible, herbivore 3, speed 3, slow metabolism 2
}: 2/15 runes: decaying, gossamer
a: Heroism, Finesse, Renounce Religion, Evoke Invisibility, Evoke Flight


You were on level 1 of the Vaults.
You worshipped Okawaru.
Okawaru was exalted by your worship.
You were not hungry.

You visited 7 branches of the dungeon, and saw 33 of its levels.
You also visited: Bailey.

You collected 3467 gold pieces.
You spent 840 gold pieces at shops.

Inventory:

Hand Weapons
 a - a +8 quick blade of electrocution
 b - the +10 long sword "Cestriosch" (weapon) {flame, Str+3}
   (Okawaru gifted it to you on level 15 of the Dungeon)

   It has been specially enchanted to burn those struck by it, causing extra
   injury to most foes and up to half again as much damage against particularly
   susceptible opponents.
   Big, fiery blades are also staple armaments of hydra-hunters.
   It affects your strength (+3).
 w - a +0 blowgun
Missiles
 d - 4 throwing nets {!f}
 G - 57 tomahawks of returning (quivered)
 U - 5 curare-tipped needles
Armour
 j - a +2 cloak of invisibility (worn)
 u - the +3 steam dragon scales of Baldness (worn) {rCorr Dex+5 Stlth-}
   (Okawaru gifted it to you on level 6 of the Lair of Beasts)

   It affects your dexterity (+5).
   It protects you from acid and corrosion.
   It makes you less stealthy.
 K - a +1 buckler of protection (worn)
 Q - a +2 cloak of poison resistance
 W - a +2 hat (worn)
Jewellery
 y - an uncursed ring of protection from fire
 L - the ring of Okhejaf (right hand) {Dex+4 Slay+2}
   (You found it on level 6 of the Lair of Beasts)

   [ring of slaying]

   It affects your dexterity (+4).
   It affects your accuracy and damage with ranged weapons and melee attacks
   (+2).
 M - an uncursed ring of protection from magic
 O - a ring of flight (left hand)
Wands
 v - a wand of lightning (4/15)
 x - a wand of clouds (6/9)
 H - a wand of scattershot (2/9)
 N - a wand of digging (17/24)
 P - a wand of digging (9/24)
 S - a wand of iceblast (9/15)
 X - a wand of acid (6/15)
Scrolls
 e - 2 scrolls of magic mapping
 g - 6 scrolls of immolation
 h - 9 scrolls of teleportation
 i - 5 scrolls of identify
 k - 4 scrolls of recharging
 p - 5 scrolls of fog
 r - 11 scrolls of remove curse
 A - a scroll of enchant weapon
 C - 3 scrolls of fear
 J - 4 scrolls of blinking
Potions
 f - 5 potions of curing
 l - 5 potions of brilliance
 n - 7 potions of flight
 o - 3 potions of mutation
 q - 5 potions of haste
 t - 8 potions of heal wounds
 B - 4 potions of cancellation
 D - 6 potions of might
 E - 2 potions of resistance
 I - 5 potions of agility
 T - 8 potions of ambrosia
Miscellaneous
 c - a phantom mirror
 m - a phial of floods
 z - a lamp of fire
Comestibles
 s - 17 bread rations
 F - a royal jelly


   Skills:
 - Level 10.5(15.5) Fighting
 - Level 10.3(17.4) Short Blades
 - Level 9.0(15.3) Long Blades
 + Level 4.2(9.2) Armour
 - Level 10.6(15.6) Dodging
 - Level 21.5(26.5) Stealth
 - Level 8.7(13.7) Shields
 - Level 10.6 Spellcasting
 - Level 5.4 Conjurations
 - Level 12.7 Hexes
 - Level 5.5 Translocations
 - Level 3.6 Transmutations
 - Level 0.7 Ice Magic
 + Level 2.5 Air Magic
 - Level 3.0 Earth Magic
 + Level 3.2 Poison Magic
 - Level 12.2 Invocations


You had 17 spell levels left.
You knew the following spells:

 Your Spells              Type           Power        Failure   Level  Hunger
a - Ensorcelled Hibernat  Hex/Ice        ####..       1%          2    None
b - Confuse               Hex            ######..     1%          3    None
c - Tukima's Dance        Hex            ######..     1%          3    None
d - Dazzling Spray        Conj/Hex       #####.       1%          3    None
e - Passwall              Tmut/Erth      ###.......   2%          2    None
m - Mephitic Cloud        Conj/Pois/Air  ###.....     4%          3    None
B - Blink                 Tloc           N/A          1%          2    None
C - Conjure Flame         Conj/Fire      ###.....     7%          3    None


Dungeon Overview and Level Annotations

Branches:
Dungeon (15/15)            Temple (1/1) D:4            Lair (6/6) D:9
  Swamp (4/4) Lair:4       Spider (4/4) Lair:2        Slime (0/5) Lair:5
    Orc (2/2) D:12            Elf (0/3) Orc:2        Vaults (1/5) D:14
 Depths (0/5) D:15

Altars:
Ashenzari
Cheibriados
Dithmenos
Elyvilon
Fedhas
Gozag
Hepliaklqana
Kikubaaqudgha
Makhleb
Nemelex Xobeh
Okawaru
Qazlal
Ru
Sif Muna
Trog
Uskayaw
Vehumet
Wu Jian
Xom
Yredelemnul
Zin
The Shining One
Jiyva

Shops:
D:9 }   Orc:2 *%*%

Annotations:
Swamp:2 exclusion: Roxanne, Roxanne


Innate Abilities, Weirdness & Mutations

You are very small and have problems with some larger weapons.
You are too small for most types of armour.
You have supernaturally acute eyesight. (SInv)
You are a herbivore.
You cover ground extremely quickly.
You need consume almost no food.


Message History

Aim: a fire dragon (heavily wounded, catching its breath, chance to defeat MR: 27%)
The fire dragon resists with almost no effort.
The fire dragon bites you!
The fire dragon claws you but does no damage.
The fire dragon closely misses you.
You gain the combat prowess of a mighty hero.
The fire dragon bites you but does no damage.
The fire dragon closely misses you. The fire dragon completely misses you.
Your +8 quick blade of electrocution stops crackling.
The +10 long sword "Cestriosch" {flame, Str+3} bursts into flame!
b - the +10 long sword "Cestriosch" (weapon)
{flame, Str+3} You hit the fire dragon.
The fire dragon is heavily wounded.
The fire dragon completely misses you. x2; You block the fire dragon's attack.
You hit the fire dragon.
The fire dragon is heavily wounded.
The fire dragon breathes flames at you. The blast of flame hits you!
Ouch! That really hurt!
You die...

#Cp..##..........#........#...#.
.pR.##..........#........#...#.
... #..........#........#...#.
###'###..........#........#...##
#.....#..........#........#.....
#.....#..........####'#'###.....
###+#'##.....(..(......(.........
...................u..(..........
................@................
................D................
.................................
.................................
.................................
.................................
.................................
#################################


You could see a fire dragon and a white ugly thing (confused).

Vanquished Creatures
  Bai Suzhen (Swamp:3)
  A bone dragon (Swamp:3)
  A tentacled monstrosity (Swamp:3)
  The ghost of rexbael the Fencer, an adept CeHu of Dithmenos (Spider:3)
  4 thorn hunters
  A vault warden (Vaults:1)
  An orc warlord (Bailey)
  4 ghost moths
  An ironheart preserver (Vaults:1)
  8 emperor scorpions
  3 entropy weavers
  2 fire dragons
  Josephine (Orc:1)
  2 rakshasas
  A great orb of eyes (Vaults:1)
  2 ice dragons
  Harold (D:11)
  11 hydras
  5 vault guards
  4 ghost crabs
  A catoblepas (Lair:3)
  12 two-headed ogres
  4 centaur warriors
  10 alligators
  2 ogre magi
  3 orc high priests (Orc:2)
  Urug (D:15)
  Sonja (Lair:3)
  5 skeletal warriors (D:13)
  3 unseen horrors
  2 spriggan druids
  A death drake (Swamp:4)
  9 swamp dragons
  2 spectral hydras (Swamp:4)
  2 shambling mangroves
  5 ironbrand convokers (Vaults:1)
  8 orc knights
  4 manticores
  2 moths of wrath
  32 wolf spiders
  6 orc sorcerers
  A harpy (shapeshifter) (D:14)
  2 deep elf magi
  16 ugly things
  19 orb spiders
  8 cyclopes
  Maurice (D:11)
  5 elephants (Lair:6)
  A vault sentinel (Vaults:1)
  6 black mambas
  15 spiny frogs
  3 gargoyles
  5 swamp worm zombies (Swamp:4)
  5 komodo dragons
  A centaur skeleton (D:12)
  2 rime drakes
  5 kobold demonologists
  2 yaktaurs (D:14)
  12 polar bears
  14 demonic crawlers
  27 jumping spiders
  A queen bee (Lair:3)
  5 trolls
  A tengu conjurer (D:14)
  3 hydra zombies (Swamp:4)
  9 bog bodies
  Grinder (D:6)
  10 hippogriffs
  9 tyrant leeches
  26 hornets
  20 blink frogs
  An alligator zombie (Swamp:4)
  28 slime creatures
  11 dream sheep
  3 spectral swamp dragons (Swamp:4)
  Sigmund (D:6)
  A meliai zombie (D:12)
  A shadow (Swamp:4)
  17 spriggans
  22 tarantellas
  A vampire (D:13)
  44 redbacks
  6 wraiths
  A wyvern (D:8)
  24 yaks
  2 basilisks
  A human (D:14)
  2 hungry ghosts
  9 vampire mosquitoes
  21 swamp worms
  A soldier ant (D:12)
  3 wargs
  14 insubstantial wisps
  Edmund (D:6)
  The ghost of Musica the Sneak, an amateur OpFE (D:3)
  4 acid dragons
  14 water moccasins
  11 swamp drakes
  14 porcupines
  32 orc warriors
  13 black bears
  5 ice beasts
  12 ogres
  8 phantoms
  4 swamp dragon zombies (Swamp:4)
  A sky beast (D:9)
  5 boggarts (Lair:6)
  2 eyes of draining
  18 wolves (Lair:6)
  8 crocodiles
  11 centaurs
  4 big kobolds
  19 bullfrogs
  A wyvern zombie (D:15)
  A wyvern skeleton (D:14)
  4 scorpions
  A water moccasin skeleton (D:12)
  28 killer bees
  4 jellies
  10 wights
  5 howler monkeys
  5 electric eels
  8 crimson imps
  2 bullfrog zombies
  3 centaur zombies
  3 quasits
  4 hounds
  26 orc priests
  35 orc wizards
  A gnoll shaman (D:9)
  10 worker ants
  Terence (D:3)
  3 iguanas
  2 spectral swamp drakes
  5 gnolls (D:9)
  A howler monkey skeleton (D:7)
  A swamp drake zombie (Swamp:4)
  9 adders
  3 shadow imps
  4 worms
  4 dart slugs
  7 leopard geckos
  122 orcs
  2 ball pythons
  14 giant cockroaches
  16 goblins
  21 hobgoblins
  10 jackals
  2 quokkas
  A ball python skeleton (D:4)
  7 bats
  4 frilled lizards
  40 kobolds
  A leopard gecko skeleton (D:6)
  A quokka skeleton (D:6)
  8 rats
  A briar patch (Swamp:4)
1247 creatures vanquished.

Vanquished Creatures (collateral kills)
  A two-headed ogre (D:12)
  6 wights
7 creatures vanquished.

Vanquished Creatures (others)
  A hornet (Swamp:4)
  3 dancing weapons
  2 spriggans (Swamp:4)
  2 orcs
  3 briar patches (Swamp:4)
  12 fungi
  3 plants
26 creatures vanquished.

Grand Total: 1280 creatures vanquished

Notes
Turn   | Place    | Note
-------+----------+-------------------------------------------
     0 | D:1      | MirrMurr the Spriggan Enchanter began the quest for the Orb.
     0 | D:1      | Reached XP level 1. HP: 9/9 MP: 5/5
   625 | D:1      | Reached XP level 2. HP: 13/13 MP: 4/7
   685 | D:1      | Learned a level 2 spell: Ensorcelled Hibernation
   820 | D:1      | Upgraded the game from 0.21-a0-127-g329daca to 0.21-a0-128-gf2b353c
   836 | D:1      | Reached skill level 5 in Stealth
  1438 | D:1      | Reached XP level 3. HP: 3/16 MP: 1/9
  1445 | D:1      | Learned a level 3 spell: Confuse
  1449 | D:1      | Learned a level 3 spell: Tukima's Dance
  2338 | D:2      | Reached XP level 4. HP: 20/21 MP: 11/11
  2844 | D:2      | Found a shattered altar of Ashenzari.
  3116 | D:3      | Reached skill level 6 in Stealth
  3238 | D:3      | Learned a level 3 spell: Dazzling Spray
  3321 | D:3      | Noticed Terence
  3355 | D:3      | Reached XP level 5. HP: 24/24 MP: 1/13
  3429 | D:2      | Reached skill level 5 in Spellcasting
  3656 | D:3      | Killed Terence
  3772 | D:3      | Noticed Musica's ghost (amateur OpFE)
  3798 | D:3      | Found a snail-covered altar of Cheibriados.
  4045 | D:3      | Found a bloodstained altar of Trog.
  4095 | D:3      | You fall through a shaft!
  4097 | D:4      | Noticed an ogre
  4099 | D:4      | Noticed an ice beast
  4408 | D:3      | Upgraded the game from 0.21-a0-128-gf2b353c to 0.21-a0-135-g8dc100c
  4448 | D:3      | Killed an ice beast
  4448 | D:3      | Reached XP level 6. HP: 28/28 MP: 8/15
  4527 | D:3      | Killed Musica's ghost
  4527 | D:3      | Reached skill level 7 in Stealth
  4527 | D:3      | Reached skill level 5 in Hexes
  4759 | D:4      | Found a staircase to the Ecumenical Temple.
  4774 | Temple   | Entered the Ecumenical Temple
  4899 | D:4      | Reached XP level 7. HP: 32/32 MP: 10/18
  5174 | D:5      | Entered Level 5 of the Dungeon
  5180 | D:5      | Reached skill level 8 in Stealth
  5187 | D:5      | Found a sparkling altar of Nemelex Xobeh.
  6022 | D:5      | Found a deep blue altar of Sif Muna.
  6032 | D:5      | Reached XP level 8. HP: 36/36 MP: 13/21
  6366 | D:6      | Reached skill level 9 in Stealth
  6367 | D:6      | Noticed Sigmund
  6374 | D:6      | Killed Sigmund
  6663 | D:6      | Noticed Edmund
  6665 | D:6      | Found a glowing golden altar of the Shining One.
  6670 | D:6      | Killed Edmund
  6691 | D:6      | Reached skill level 10 in Spellcasting
  6839 | D:6      | Reached skill level 10 in Stealth
  6994 | D:6      | Noticed Grinder
  7001 | D:6      | Killed Grinder
  7001 | D:6      | Reached XP level 9. HP: 39/39 MP: 24/24
  7863 | D:7      | Reached skill level 5 in Dodging
  8106 | D:7      | Found a bloodstained altar of Trog.
  8249 | D:7      | Reached skill level 11 in Stealth
  8639 | D:8      | Found a flagged portal.
  8648 | Bailey   | Entered a bailey
  8654 | Bailey   | Noticed an orc warlord
  8867 | Bailey   | Noticed an orc knight
  8879 | Bailey   | Killed an orc knight
  8983 | Bailey   | Found a runed gate.
  8985 | Bailey   | Found a runed gate.
  8986 | Bailey   | Found a runed gate.
  9284 | Bailey   | Killed an orc warlord
  9284 | Bailey   | Reached skill level 12 in Stealth
  9284 | Bailey   | Reached XP level 10. HP: 44/44 MP: 14/25
  9362 | Bailey   | Reached skill level 10 in Dodging
  9567 | D:8      | Found an iron altar of Okawaru.
  9572 | D:8      | Became a worshipper of Warmaster Okawaru
 10328 | D:9      | Identified a scroll of acquirement
 10338 | D:9      | Reached skill level 1 in Invocations
 10360 | D:9      | Reached skill level 10 in Hexes
 10370 | D:9      | Reached * piety under Okawaru
 10507 | D:9      | Found a staircase to the Lair.
 10544 | D:9      | Reached skill level 13 in Stealth
 11311 | D:9      | Noticed a two-headed ogre
 11316 | D:9      | Killed a two-headed ogre
 11316 | D:9      | Reached ** piety under Okawaru
 11316 | D:9      | Reached XP level 11. HP: 47/47 MP: 23/26
 11407 | D:9      | Found Regg's Quality Used Wands.
 11812 | D:10     | Entered Level 10 of the Dungeon
 12019 | D:10     | Reached *** piety under Okawaru
 12932 | D:10     | Reached skill level 14 in Stealth
 13203 | D:10     | Reached **** piety under Okawaru
 13345 | D:10     | Noticed a two-headed ogre
 13349 | D:10     | Found a snail-covered altar of Cheibriados.
 13350 | D:10     | Killed a two-headed ogre
 13350 | D:10     | Reached skill level 5 in Short Blades
 14077 | D:11     | Found a snail-covered altar of Cheibriados.
 14163 | D:11     | Noticed Maurice
 14166 | D:11     | Killed Maurice
 14315 | D:11     | Noticed Harold
 14326 | D:11     | Killed Harold
 14326 | D:11     | Reached skill level 5 in Invocations
 14765 | D:10     | Reached ***** piety under Okawaru
 15043 | Lair:1   | Entered Level 1 of the Lair of Beasts
 15238 | Lair:1   | Reached XP level 12. HP: 34/51 MP: 27/27
 15274 | Lair:1   | Reached skill level 15 in Stealth
 15597 | Lair:1   | Received a gift from Okawaru
 16175 | Lair:2   | Found a hole to the Spider Nest.
 17539 | Lair:3   | Received a gift from Okawaru
 17746 | Lair:3   | Noticed a catoblepas
 17760 | Lair:3   | Killed a catoblepas
 17775 | Lair:3   | Noticed Sonja
 17805 | Lair:3   | Killed Sonja
 17805 | Lair:3   | Reached skill level 10 in Short Blades
 18261 | Lair:4   | Reached skill level 16 in Stealth
 18427 | Lair:4   | Reached XP level 13. HP: 55/55 MP: 28/28
 18469 | Lair:4   | Found a staircase to the Swamp.
 18594 | Lair:4   | Reached skill level 1 in Shields
 18954 | Swamp:1  | Entered Level 1 of the Swamp
 19179 | Lair:5   | Found a viscous altar of Jiyva.
 19179 | Lair:5   | Found a staircase to the Slime Pits.
 20039 | Lair:6   | Entered Level 6 of the Lair of Beasts
 20113 | Lair:6   | Reached ****** piety under Okawaru
 20635 | Lair:6   | Received a gift from Okawaru
 20791 | Lair:6   | Got distressingly furry steam dragon scales {god gift}
 20905 | Lair:5   | Identified the +3 steam dragon scales of Baldness {rCorr Dex+5 Stlth-} (Okawaru gifted it to you on level 6 of the Lair of Beasts)
 21271 | Lair:6   | Reached skill level 17 in Stealth
 21523 | Lair:6   | Reached skill level 5 in Fighting
 21523 | Lair:6   | Reached XP level 14. HP: 68/68 MP: 29/29
 22011 | Lair:6   | Reached skill level 5 in Shields
 22534 | Lair:6   | Got a smoking lapis lazuli ring
 22538 | Lair:6   | Identified the ring of Okhejaf {Dex+4 Slay+2} (You found it on level 6 of the Lair of Beasts)
 23213 | D:12     | Found a staircase to the Orcish Mines.
 24250 | D:13     | Received a gift from Okawaru
 24383 | D:13     | Reached XP level 15. HP: 72/72 MP: 29/30
 24917 | D:13     | Reached skill level 10 in Invocations
 25581 | D:13     | Reached skill level 18 in Stealth
 26011 | D:14     | Learned a level 3 spell: Mephitic Cloud
 26581 | D:14     | Found a gate to the Vaults.
 26969 | D:14     | Received a gift from Okawaru
 26976 | D:14     | Got an iridescent rapier {god gift}
 27129 | D:15     | Entered Level 15 of the Dungeon
 27251 | D:15     | Noticed Urug
 27282 | D:15     | Killed Urug
 27545 | D:15     | Learned a level 2 spell: Blink
 27549 | D:15     | Learned a level 3 spell: Conjure Flame
 27603 | D:15     | Found a staircase to the Depths.
 27622 | D:15     | Identified the +6 rapier "Hot Fef" {pain, rC- rN+ MP+9 Dex+5} (Okawaru gifted it to you on level 14 of the Dungeon)
 28428 | D:15     | Reached skill level 19 in Stealth
 28876 | D:15     | Received a gift from Okawaru
 28880 | D:15     | Got a jewelled long sword {god gift}
 28881 | D:15     | Identified the +10 long sword "Cestriosch" {flame, Str+3} (Okawaru gifted it to you on level 15 of the Dungeon)
 29013 | Orc:1    | Entered Level 1 of the Orcish Mines
 29017 | Orc:1    | Noticed Josephine
 29715 | Orc:1    | Killed Josephine
 30064 | Orc:2    | Entered Level 2 of the Orcish Mines
 30271 | Orc:2    | Found a staircase to the Elven Halls.
 30770 | Orc:2    | Reached XP level 16. HP: 79/79 MP: 31/31
 32037 | Orc:2    | Received a gift from Okawaru
 32042 | Orc:2    | Got a jewelled scarf {god gift}
 32053 | Orc:2    | Identified the scarf of the Orb {rN+ Int+2} (Okawaru gifted it to you on level 2 of the Orcish Mines)
 32094 | Orc:2    | Found Beodgh's Food Boutique.
 32094 | Orc:2    | Found Maunaodug's Assorted Antiques.
 32095 | Orc:2    | Found Inuped's Food Shoppe.
 32095 | Orc:2    | Found Pogack's General Store.
 32096 | Orc:2    | Reached skill level 1 in Translocations
 32434 | Orc:2    | Bought a scroll of identify for 34 gold pieces
 32434 | Orc:2    | Bought a potion of curing for 51 gold pieces
 32434 | Orc:2    | Bought a scroll of teleportation for 51 gold pieces
 32434 | Orc:2    | Bought a scroll of identify for 34 gold pieces
 32436 | Orc:2    | Bought a potion of invisibility for 256 gold pieces
 32436 | Orc:2    | Bought a potion of curing for 96 gold pieces
 32436 | Orc:2    | Bought a scroll of identify for 64 gold pieces
 32442 | Orc:2    | Bought a scroll of enchant weapon for 127 gold pieces
 32442 | Orc:2    | Bought a scroll of enchant weapon for 127 gold pieces
 33344 | Swamp:1  | Upgraded the game from 0.21-a0-135-g8dc100c to 0.21-a0-137-g951aa02
 34009 | Swamp:2  | Noticed Roxanne
 35034 | Swamp:3  | Reached skill level 20 in Stealth
 35604 | Swamp:2  | Reached skill level 5 in Translocations
 35617 | Swamp:3  | Noticed a thorn hunter
 35967 | Swamp:3  | Killed a thorn hunter
 37147 | Swamp:3  | Paralysed by a hornet for 2 turns
 37469 | Swamp:4  | Entered Level 4 of the Swamp
 37471 | Swamp:4  | Received a gift from Okawaru
 37473 | Swamp:4  | Got a scorched rapier {god gift}
 37493 | Swamp:3  | Reached skill level 1 in Long Blades
 37552 | Swamp:3  | Reached skill level 1 in Conjurations
 37661 | Swamp:3  | Identified the +6 rapier "Lorem Ipsum" {freeze, rElec Int+2} (Okawaru gifted it to you on level 4 of the Swamp)
 37783 | Swamp:4  | Noticed a tentacled monstrosity
 37932 | Swamp:3  | Killed a tentacled monstrosity
 38045 | Swamp:4  | Noticed Bai Suzhen
 38876 | Swamp:4  | Noticed a thorn hunter
 39900 | Swamp:4  | Noticed a bone dragon
 39945 | Swamp:4  | Reached XP level 17. HP: 73/88 MP: 22/32
 40875 | Swamp:3  | Killed a bone dragon
 40875 | Swamp:3  | Reached skill level 1 in Armour
 41233 | Swamp:3  | Got a pitted buckler
 41244 | Swamp:3  | Identified the +3 buckler of Tocay {MR- MP+9 Slay+4 Stlth+} (You acquired it on level 3 of the Swamp)
 41255 | Swamp:3  | Got a brightly glowing buckler
 41307 | Swamp:3  | Identified the +0 buckler of Kindness {Dex+2} (You acquired it on level 3 of the Swamp)
 41754 | Swamp:3  | Killed Bai Suzhen
 41754 | Swamp:3  | Reached skill level 10 in Fighting
 41812 | Swamp:4  | Received a gift from Okawaru
 43412 | Swamp:4  | Got a decaying rune of Zot
 44006 | Spider:1 | Entered Level 1 of the Spider Nest
 45657 | Spider:2 | Reached skill level 5 in Long Blades
 46244 | Spider:2 | Received a gift from Okawaru
 47142 | Spider:3 | Reached skill level 5 in Conjurations
 47416 | Spider:4 | Entered Level 4 of the Spider Nest
 47799 | Spider:3 | Noticed rexbael's ghost (adept CeHu)
 47913 | Spider:3 | Reached skill level 21 in Stealth
 48379 | Spider:3 | Learned a level 2 spell: Passwall
 48450 | Spider:3 | Reached XP level 18. HP: 91/95 MP: 26/33
 48462 | Spider:3 | Killed rexbael's ghost
 48597 | Spider:3 | Reached skill level 1 in Earth Magic
 48717 | Spider:4 | Upgraded the game from 0.21-a0-137-g951aa02 to 0.21-a0-140-g479285b
 50328 | Spider:4 | Reached skill level 1 in Transmutations
 51430 | Spider:4 | Received a gift from Okawaru
 51469 | Spider:4 | Got a gossamer rune of Zot
 51862 | Vaults:1 | Entered Level 1 of the Vaults
 52586 | Vaults:1 | Reached skill level 1 in Poison Magic
 52619 | Vaults:1 | Reached skill level 1 in Air Magic
 54214 | Vaults:1 | Killed from afar by a fire dragon

Vault maps used:
D:1:      doesnt_arrival_eight_statues
D:2:      lemuel_round_altar
D:3:      lemuel_crystal_altar, first_bread, trog_three_pillars_becter,
          uniq_terence
D:4:      minmay_temple_entry_purple_smoke
D:5:      led_sif_book, basic_altar, st_stairs_13
D:6:      tso_metal_star, uniq_grinder, uniq_sigmund, uniq_edmund
D:7:      nicolae_overflow_hidden_temple, grunt_ogre_cave,
          palyth_stone_intersect
D:8:      lemuel_doored_altar, enter_bailey_3
D:9:      due_lair_maze_entry_diamond, nicolae_for_you_no_charge
D:10:     minmay_misc_feat_diagonals, cheibriados_altar_1
D:11:     basic_altar, uniq_maurice, uniq_harold
D:12:     hiddenorc1_lemuel
D:14:     grunt_vaults_entry_fortified, grunt_decor_arrowhead
D:15:     grunt_enter_depths_hoard, hex_tiny, uniq_urug
Temple:   compressed_dpeg_circular_temple
Lair:1:   beast_lair_carwin_large_3
Lair:2:   nicolae_spider_entry_non_spiders, serial_bayou_lagoon_b,
          serial_bayou_shore_b
Lair:3:   special_room, uniq_sonja
Lair:4:   swamp_mist, grunt_megastairs_5, lemuel_fruit_tree
Lair:5:   slime_altar_1
Lair:6:   minmay_lair_end_enchanted_forest, fungi_pond_lemuel
Swamp:1:  hangedman_swamp_pad, infiniplex_staircase_pool
Swamp:2:  evilmike_swamp_ruin_rubble_1, swamp_pool2, hangedman_swamp_lotus,
          uniq_roxanne
Swamp:3:  evilmike_swamp_ruin_house_5, swamp_pool5
Swamp:4:  swamp_pestilence, uniq_bai_suzhen
Spider:2: nicolae_spider_nook
Spider:4: grunt_spider_rune_island, nicolae_spider_webs_and_nodes,
          lemuel_hornet_nest
Orc:1:    uniq_josephine
Orc:2:    st_orc_elflike
Vaults:1: nicolae_vaults_sealed_display, nicolae_vaults_angled_halls,
          vaults_room_grunt_arrival_ludios, vaults_dpeg_ring, v_misc_14,
          nicolae_vaults_little_squares_6, vaults_room_door_ring
Bailey:   bailey_axe_bossmonster_kennysheep, bailey

Skill      XL: |  1  2  3  4  5  6  7  8  9 10 11 12 13 14 15 16 17 18 |
---------------+-------------------------------------------------------+-----
Spellcasting   | 3 4 5 7 8 10 | 10.6
Stealth        | 5 6 7 8 10 12 13 14 16 17 19 20 21 | 21.5
Hexes          | 4 5 6 7 9 10 11 12 | 12.7
Dodging        | 9 10 | 10.6
Invocations    | 3 5 7 8 9 11 12 | 12.2
Short Blades   | 7 10 | 10.3
Shields        | 4 6 8 |  8.7
Fighting       | 5 6 9 10 | 10.5
Translocations | 5 |  5.5
Long Blades    | 2 6 9 |  9.0
Conjurations   | 2 5 |  5.4
Armour         | 2 4 |  4.2
Earth Magic    | 3 |  3.0
Transmutations | 3 |  3.6
Poison Magic   | 3 |  3.2
Air Magic      | 2 |  2.5
Ice Magic      | |  0.7

Action                   |  1- 3 |  4- 6 |  7- 9 | 10-12 | 13-15 | 16-18 || total
-------------------------+-------+-------+-------+-------+-------+-------++-------
Melee: Dagger            |   163 |   144 |   311 |   394 |   444 |       ||  1456
       Quick blade       |       |       |       |       |   403 |  1676 ||  2079
       Long sword        |       |       |       |       |       |    57 ||    57
 Fire: Blowgun           |       |       |       |     2 |       |       ||     2
Throw: Stone             |       |       |     1 |       |       |       ||     1
       Tomahawk          |       |       |       |       |       |     5 ||     5
 Cast: Corona            |     9 |       |       |       |       |       ||     9
       Ensorcelled Hiber |    27 |    31 |    67 |   184 |   377 |   494 ||  1180
       Confuse           |       |     9 |    25 |    26 |   179 |   172 ||   411
       Dazzling Spray    |       |     1 |    11 |    22 |    16 |    52 ||   102
       Tukima's Dance    |       |       |       |     9 |    37 |     2 ||    48
       Conjure Flame     |       |       |       |       |     5 |       ||     5
       Blink             |       |       |       |       |     1 |     1 ||     2
       Mephitic Cloud    |       |       |       |       |       |     1 ||     1
Invok: Heroism           |       |       |       |     1 |     1 |    16 ||    18
       Finesse           |       |       |       |       |       |     6 ||     6
 Abil: Evoke Flight      |       |       |       |       |       |     3 ||     3
Evoke: Box of beasts     |       |       |       |       |       |     3 ||     3
       Phial of floods   |       |       |       |       |       |     1 ||     1
       Wand              |       |       |       |       |       |     2 ||     2
  Use: Scroll            |     1 |     8 |    12 |     9 |    11 |    17 ||    58
       Potion            |       |       |       |     1 |     1 |    11 ||    13
 Stab: Sleeping          |    27 |    25 |    46 |   158 |   197 |   249 ||   702
       Invisible         |       |     2 |     2 |    12 |     5 |    24 ||    45
       Confused          |       |     3 |    10 |    12 |    62 |    58 ||   145
       Paralysed         |       |       |       |       |     1 |       ||     1
       Distracted        |       |       |       |       |     5 |     9 ||    14
  Eat: Bread ration      |     1 |       |       |       |       |       ||     1
       Fruit             |       |       |     3 |       |     7 |    11 ||    21
       Royal jelly       |       |       |       |     4 |     3 |     7 ||    14
Armor: Robe              |    13 |    12 |    16 |    19 |     6 |       ||    66
       Steam dragon scal |       |       |       |       |    47 |   163 ||   210
Dodge: Dodged            |   130 |   106 |   265 |   331 |   543 |   978 ||  2353
Block: Buckler           |       |       |    61 |    80 |   298 |   530 ||   969
       Rpst.: Long sword |       |       |       |       |       |    12 ||    12
